 Dungeon Crawl Stone Soup version 0.24.0-13-gcf9b3192b9 (webtiles) character file.

Game seed: 9568132218152347996, levelgen mode: deterministic

214 theswoord the Cudgeler (level 5, -2/41 HPs)
             Began as a Demonspawn Monk on Nov 6, 2019.
             Slain by a phantom (4 damage)
             ... on level 4 of the Dungeon.
             The game lasted 00:07:28 (3734 turns).

theswoord the Cudgeler (Demonspawn Monk)            Turns: 3734, Time: 00:07:28

Health: -2/41      AC: 10    Str: 12    XL:     5   Next: 60%
Magic:  5/5        EV: 16    Int: 12    God:
Gold:   138        SH:  5    Dex: 20    Spells: 4/4 levels left

rFire    . . .     SeeInvis .   a - +0 mace
rCold    . . .     Gourm    +   n - +0 buckler
rNeg     . . .     Faith    .   k - +0 ring mail
rPois    .         Spirit   .   u - +1 helmet
rElec    .         Reflect  .   (no cloak)
rCorr    .         Harm     .   d - +0 pair of gloves
MR       .....                  h - +1 pair of boots
Stlth    ++........             j - amulet of the gourmand
HPRegen  0.13/turn              r - ring of wizardry
MPRegen  0.09/turn              (no ring)

@: agile, heavily drained
A: powered by pain 1, sturdy frame 1
a: no special abilities


You were on level 4 of the Dungeon.
You were very full.

You visited 1 branch of the dungeon, and saw 4 of its levels.

You collected 138 gold pieces.

Inventory:

Hand Weapons
 a - a +0 mace (weapon)
 s - a cursed -3 whip
Armour
 b - a +0 robe
 d - a +0 pair of gloves (worn)
 g - a +0 helmet
 h - a +1 pair of boots (worn)
 k - a +0 ring mail (worn)
 n - a +0 buckler (worn)
 p - a +0 chain mail
 u - a +1 helmet (worn)
Jewellery
 j - an amulet of the gourmand (around neck)
 r - a ring of wizardry (left hand)
 v - an uncursed amulet of harm
Scrolls
 e - 4 scrolls of identify
 i - 3 scrolls of remove curse
 m - 2 scrolls of random uselessness {unknown}
 o - 4 scrolls of enchant armour {unknown}
 w - a scroll of amnesia {unknown}
Potions
 f - a potion of haste
 l - a potion of degeneration {unknown}
 q - a potion of experience {unknown}
Comestibles
 c - 8 rations
 t - a chunk of flesh


   Skills:
 - Level 3.0(1.5) Fighting
 + Level 5.0(3.4) Maces & Flails
 - Level 2.6(1.2) Dodging
 - Level 1.7(0.3) Stealth
 + Level 2.7(1.3) Shields


You had 4 spell levels left.
You didn't know any spells.
Your spell library was empty.

Dungeon Overview and Level Annotations

Branches:
Dungeon (4/15)
 Temple: D:4-7

Altars:
Dithmenos

Annotations:
D:4 Ijyb


Innate Abilities, Weirdness & Mutations

You sometimes gain a little power by taking damage.
Your movements are slightly less encumbered by armour. (ER -2)


Message History

The phantom is severely damaged.
The phantom hits you but does no damage.
The phantom hits you.
* * * LOW HITPOINT WARNING * * *
The phantom blinks!
The phantom blinks!
Unknown command.
Unknown command.
Unknown command.
You closely miss the phantom.
The phantom is heavily damaged.
The phantom misses you.
You miss the phantom.
The phantom is heavily damaged.
The phantom hits you.
* * * LOW HITPOINT WARNING * * *
You barely miss the phantom.
The phantom is heavily damaged.
The phantom hits you.
You die...

## #########
##..#####...#...#
..........#....#
#...#.........##
#...#......# ..
#.......<#.#
#.#.......(#
#.#.@...#.##
#.#...W.....##
#####.###...........
.......<............
#####.###.†..####.##
#.# #.#.........
#.###.##.#.#.#.#
#.##.........
#....##..#.#.#


You could see a phantom.

Vanquished Creatures
  An orc priest (D:3)
  A hound (D:4)
  An orc wizard (D:3)
  6 adders
  5 worms
  A dart slug (D:1)
  A leopard gecko (D:3)
  7 orcs (D:3)
  4 giant cockroaches
  6 goblins
  8 hobgoblins
  6 bats
  7 kobolds
  7 rats
61 creatures vanquished.

Vanquished Creatures (others)
  16 toadstools (D:4)
16 creatures vanquished.

Grand Total: 77 creatures vanquished

Notes
Turn   | Place    | Note
-------+----------+-------------------------------------------
     0 | D:1      | theswoord the Demonspawn Monk began the quest for the Orb.
     0 | D:1      | Reached XP level 1. HP: 18/18 MP: 1/1
    45 | D:1      | Reached skill level 3 in Maces & Flails
   309 | D:1      | Gained mutation: You sometimes gain a little power by
                  | taking damage. [demonic ancestry]
   309 | D:1      | Reached XP level 2. HP: 18/24 MP: 2/2
   971 | D:2      | Found a shadowy altar of Dithmenos.
  1145 | D:2      | Reached XP level 3. HP: 24/29 MP: 3/3
  1366 | D:2      | Reached skill level 4 in Maces & Flails
  1800 | D:2      | Reached skill level 1 in Shields
  1820 | D:2      | Gained mutation: Your movements are slightly less
                  | encumbered by armour. (ER -2) [demonic ancestry]
  1820 | D:2      | Reached XP level 4. HP: 28/35 MP: 4/4
  2488 | D:3      | Reached XP level 5. HP: 18/41 MP: 5/5
  3405 | D:4      | Noticed Ijyb
  3405 | D:4      | Noticed an ogre
  3649 | D:4      | Noticed a phantom
  3694 | D:4      | Reached skill level 5 in Maces & Flails
  3728 | D:4      | HP: 2/41 [phantom (2)]
  3733 | D:4      | HP: 2/41 [phantom (1)]
  3734 | D:4      | Slain by a phantom

Skill      XL: |  1  2  3  4  5 |
---------------+----------------+-----
Maces & Flails | 3 4 5 |  5.0
Shields        | 1 2 |  2.7
Fighting       | |  3.0
Dodging        | |  2.6
Stealth        | |  1.7

Action                   |  1- 3 |  4- 6 || total
-------------------------+-------+-------++-------
Melee: Mace              |   121 |   184 ||   305
  Use: Scroll            |     1 |     2 ||     3
       Potion            |       |     4 ||     4
 Stab: Sleeping          |     5 |     3 ||     8
  Eat: Chunk             |    18 |     8 ||    26
Armor: Robe              |     8 |       ||     8
       Ring mail         |    23 |    54 ||    77
Dodge: Dodged            |    68 |    95 ||   163
Block: Buckler           |     8 |    38 ||    46

Levels and vault maps discovered:
D:1:      minmay_arrival_split_and_join, layout_basic, lemuel_another_geyser
D:2:      cheibrodos_old_hovel, layout_loops_corners, lemuel_doored_altar,
          serial_rivers, chequers_serial_rivers_room_a,
          chequers_serial_rivers_micro_c, chequers_serial_rivers_micro_a,
          chequers_serial_rivers_micro_a, first_ration
D:3:      layout_basic
D:4:      layout_rooms, grunt_temple_overflow_holy_war, tgw_fedhas,
          nicolae_gozag_cash_rules_everything_around_me,
          hangedman_decor_riveting, uniq_eustachio, uniq_edmund, uniq_natasha,
          uniq_ijyb
